 Dungeon Crawl Stone Soup version 0.20-a0-2-g2b0e13a (webtiles) character file.

3037 Kaname the Tainter (level 9, 0/57 HPs)
             Began as a Demonspawn Venom Mage on Oct 28, 2016.
             Was a Believer of Okawaru.
             Succumbed to a worker ant's poison
             ... on level 8 of the Dungeon.
             The game lasted 00:30:44 (9281 turns).

Kaname the Tainter (Demonspawn Venom Mage)          Turns: 9281, Time: 00:30:45

Health: 0/57       AC:  6    Str:  9    XL:     9   Next: 56%
Magic:  5/25       EV: 12    Int: 20    God:    Okawaru [**....]
Gold:   398        SH:  0    Dex: 13    Spells: 4 memorised, 4 levels left

rFire  . . .     SeeInvis .     o - +2 dagger (elec)
rCold  . . .     Gourm    .     a - +0 robe
rNeg   . . .     Faith    +     (no shield)
rPois  .         Spirit   +     (no helmet)
rElec  .         Reflect  .     m - +0 cloak
rCorr  .         Harm     .     (no gloves)
MR     +....                    v - +0 pair of boots
Stlth  ++........               w - amulet of faith
                                t - ring of magical power (curse)
                                p - ring of protection from magic

@: lethally poisoned (0 -> -11)
A: talons 1, icy blue scales 1, magic shield, rot immunity
a: Heroism, Renounce Religion


You were on level 8 of the Dungeon.
You worshipped Okawaru.
Okawaru was pleased with you.
You were not hungry.

You visited 1 branch of the dungeon, and saw 9 of its levels.

You collected 398 gold pieces.

Inventory:

Hand Weapons
 h - the +3 hand axe of Saltpetre {venom, +Rage Str+4 Dex+4}
   (You found it on level 9 of the Dungeon)

   It poisons the flesh of those it strikes.
   It affects your strength (+4).
   It affects your dexterity (+4).
   It lets you go berserk.
 o - a +2 dagger of electrocution (weapon)
Armour
 a - a +0 robe (worn)
 m - a +0 cloak (worn)
 v - a +0 pair of boots (worn)
Jewellery
 l - a +2 amulet of reflection
 p - a ring of protection from magic (left hand)
 t - a cursed ring of magical power (right hand)
 w - an amulet of faith (around neck)
 D - an uncursed ring of fire
Wands
 j - a wand of lightning (1/15)
 x - a wand of lightning (2/15)
Scrolls
 f - 2 scrolls of enchant weapon {unknown}
 n - 2 scrolls of fog
 r - a scroll of teleportation
 A - 4 scrolls of remove curse
 B - a scroll of noise {unknown}
 F - 2 scrolls of amnesia {unknown}
 G - a scroll of holy word {unknown}
Potions
 b - a potion of ambrosia {unknown}
 e - a potion of haste
 g - 3 potions of agility
 k - 2 potions of cancellation
 s - a potion of might {unknown}
 u - 3 potions of brilliance
 z - 2 potions of flight {unknown}
 C - 2 potions of berserk rage {unknown}
 E - 2 potions of degeneration {unknown}
Comestibles
 c - 5 bread rations
 d - a meat ration
 i - 2 fruits
 q - a royal jelly
 H - a chunk of flesh


   Skills:
 - Level 1.7 Dodging
 - Level 1.7 Stealth
 + Level 4.9 Spellcasting
 - Level 8.1 Conjurations
 - Level 4.0 Air Magic
 - Level 9.1 Poison Magic


You had 4 spell levels left.
You knew the following spells:

 Your Spells              Type           Power        Failure   Level  Hunger
a - Sting                 Conj/Pois      ####         1%          1    None
b - Mephitic Cloud        Conj/Pois/Air  ####....     1%          3    ##.....
c - Olgreb's Toxic Radia  Pois           #####...     3%          4    ####...
d - Venom Bolt            Conj/Pois      #####.....   12%         5    ######.


Dungeon Overview and Level Annotations

Branches:
Dungeon (9/15)               Lair (0/6) D:9
 Temple: D:4-7          Orc: D:9-12

Altars:
Ashenzari
Nemelex Xobeh
Okawaru
Trog
Vehumet
The Shining One

Shops:
D:6 (

Annotations:
D:5 Zigma's ghost, novice DrTm


Innate Abilities, Weirdness & Mutations

You have sharp toenails.
You are partially covered in icy blue scales. (AC +2)
When hurt, damage is shared between your health and your magic reserves.
You are immune to rotting.


Message History

The worker ant bites you but does no damage.
The worker ant bites you.
* * * LOW HITPOINT WARNING * * *
The crimson imp hits you but does no damage.
A wyvern comes into view.
You feel sick. The worker ant closely misses you. The crimson imp hits you.
You feel sick. The worker ant closely misses you.
The crimson imp hits you but does no damage.
You feel sick. The wyvern bites you.
* * * LOW HITPOINT WARNING * * *
The worker ant barely misses you.
The crimson imp blinks!
The wyvern barely misses you. The worker ant bites you.
* * * LOW HITPOINT WARNING * * *
You are more poisoned.
The worker ant poisons you! The wyvern misses you.
* * * LOW HITPOINT WARNING * * *
You feel sick. The worker ant closely misses you.
The wyvern bites you but does no damage.
The worker ant misses you.
You die...

≈≈...
#..≈≈≈...#############
#..≈≈≈...............#
#..≈≈≈..#.#.#.####.#.###
#..58.........)(##.#....
#......#.#.#.#<##.#####
#...#.#.....#(##.# #
#...a.###.###.##.#####
#@###.# #.##......
#.l...# #.########
#%##### #......... ...#
########## #.### ###..
... #.... ### #.#..
#.#.# #...#


You could see a wyvern, a worker ant and a crimson imp.

Vanquished Creatures
  A two-headed ogre (D:8)
  4 hippogriffs
  An ice beast (D:8)
  2 orc warriors
  A necrophage (D:8)
  2 centaurs
  6 ogres
  3 bullfrogs
  A wyvern zombie (D:9)
  2 howler monkeys (D:6)
  5 wights (D:9)
  A crimson imp (D:8)
  A hound (D:4)
  A jelly (D:9)
  2 orc priests
  A centaur skeleton (D:6)
  An iguana (D:4)
  Terence (D:3)
  5 orc wizards
  4 worker ants
  2 worker ant zombies
  4 adders
  A howler monkey skeleton (D:4)
  A shadow imp (D:9)
  An ooze (D:6)
  An adder skeleton (D:8)
  6 worms
  5 leopard geckos
  20 orcs
  6 giant cockroaches
  10 goblins
  8 hobgoblins
  9 jackals
  2 quokkas
  A ball python (D:1)
  6 bats
  3 frilled lizards
  9 kobolds
  2 quokka skeletons (D:4)
  10 rats
152 creatures vanquished.

Notes
Turn   | Place    | Note
-------+----------+-------------------------------------------
     0 | D:1      | Kaname the Demonspawn Venom Mage began the quest for the Orb.
     0 | D:1      | Reached XP level 1. HP: 13/13 MP: 3/3
    16 | D:1      | Noticed a bullfrog
   423 | D:1      | Reached skill level 1 in Conjurations
   963 | D:1      | Found a sparkling altar of Nemelex Xobeh.
  1024 | D:1      | Gained mutation: When hurt, damage is shared between your health and your magic reserves. [demonic ancestry]
  1024 | D:1      | Reached XP level 2. HP: 13/19 MP: 1/5
  1739 | D:2      | Reached XP level 3. HP: 24/24 MP: 4/6
  2579 | D:2      | Learned a level 3 spell: Mephitic Cloud
  2586 | D:3      | Reached XP level 4. HP: 30/30 MP: 3/7
  2770 | D:3      | Reached skill level 1 in Air Magic
  3284 | D:3      | Noticed Terence
  3288 | D:3      | Killed Terence
  3288 | D:3      | Reached XP level 5. HP: 35/35 MP: 8/8
  3351 | D:3      | Noticed an ogre
  3356 | D:3      | Killed an ogre
  3426 | D:4      | Gained mutation: You have sharp toenails. [demonic ancestry]
  3426 | D:4      | Reached XP level 6. HP: 26/41 MP: 7/9
  3807 | D:4      | Learned a level 4 spell: Olgreb's Toxic Radiance
  4083 | D:4      | Found a radiant altar of Vehumet.
  4132 | D:4      | Found a shattered altar of Ashenzari.
  4348 | D:4      | HP: 1/41 [something (6)]
  4358 | D:4      | HP: 2/41 [something (7)]
  4524 | D:5      | Entered Level 5 of the Dungeon
  4641 | D:5      | Noticed Zigma's ghost (novice DrTm)
  4755 | D:5      | Reached skill level 5 in Poison Magic
  4782 | D:5      | Found a bloodstained altar of Trog.
  4834 | D:5      | Reached XP level 7. HP: 46/46 MP: 7/10
  5742 | D:6      | Reached skill level 6 in Poison Magic
  6369 | D:6      | Reached skill level 5 in Conjurations
  6405 | D:6      | Got an ancient scale mail
  6416 | D:6      | Identified the +5 scale mail of the Land of Plenty {rN+} (You found it on level 6 of the Dungeon)
  6437 | D:6      | Found Diry's Weapon Shop.
  6660 | D:6      | You fall through a shaft for 3 floors!
  6729 | D:9      | Gained mutation: You are partially covered in icy blue scales. (AC +2) [demonic ancestry]
  6729 | D:9      | Reached XP level 8. HP: 24/52 MP: 8/11
  6936 | D:9      | Noticed a hippogriff
  6953 | D:9      | Killed a hippogriff
  6953 | D:9      | Reached skill level 7 in Poison Magic
  7631 | D:9      | Found a staircase to the Lair.
  7651 | D:9      | Reached skill level 8 in Poison Magic
  8002 | D:9      | Found an iron altar of Okawaru.
  8010 | D:9      | Reached skill level 9 in Poison Magic
  8015 | D:9      | Got a bloodstained hand axe
  8016 | D:9      | Identified the +3 hand axe of Saltpetre {venom, +Rage Str+4 Dex+4} (You found it on level 9 of the Dungeon)
  8018 | D:9      | Became a worshipper of Warmaster Okawaru
  8142 | D:9      | Noticed a two-headed ogre
  8178 | D:9      | Noticed a hippogriff
  8260 | D:8      | Found a glowing golden altar of the Shining One.
  8636 | D:8      | Killed a two-headed ogre
  8636 | D:8      | Gained mutation: You are immune to rotting. [demonic ancestry]
  8636 | D:8      | Reached XP level 9. HP: 57/57 MP: 2/12
  8639 | D:8      | Reached * piety under Okawaru
  9063 | D:8      | Reached ** piety under Okawaru
  9073 | D:8      | Learned a level 5 spell: Venom Bolt
  9280 | D:8      | HP: 2/57 [poisoned by a worker ant]
  9281 | D:8      | Succumbed to a worker ant's poison

Vault maps used:
D:1:      evilmike_arrival_come_back, minivault_11, nemelex_diamond_rough_becter
D:3:      uniq_terence
D:4:      old_standard_altar, nicolae_ashenzari_panopticon, first_bread
D:5:      basic_altar, serial_bayou_pond_d
D:6:      serial_shops, shop
D:7:      kennysheep_mini_moat, overflow_temple_1_default, serial_shops, shop,
          hangedman_decor_diamond_cutter, uniq_pikel
D:8:      tso_metal_star, serial_shops, shop, serial_park_tiny_pond
D:9:      okawaru_ov_weapons_minmay, lair_0_dummy

Skill      XL: |  1  2  3  4  5  6  7  8  9 |
---------------+----------------------------+-----
Conjurations   | 1 2 4 6 7 8 |  8.1
Air Magic      | 2 3 4 |  4.0
Poison Magic   | 5 6 9 |  9.1
Spellcasting   | 4 |  4.9
Dodging        | |  1.7
Stealth        | |  1.7

Action                   |  1- 3 |  4- 6 |  7- 9 || total
-------------------------+-------+-------+-------++-------
Melee: Unarmed           |    52 |       |       ||    52
       Dagger            |    82 |   185 |   236 ||   503
       Spear             |     8 |       |       ||     8
 Cast: Sting             |    47 |    11 |    34 ||    92
       Mephitic Cloud    |       |       |     6 ||     6
       Olgreb's Toxic Ra |       |       |     2 ||     2
Evoke: Wand              |       |       |     7 ||     7
  Use: Potion            |       |     5 |     2 ||     7
       Scroll            |       |     2 |     6 ||     8
 Stab: Sleeping          |     3 |     3 |     1 ||     7
       Distracted        |       |     1 |     1 ||     2
       Confused          |       |       |     1 ||     1
  Eat: Chunk             |     6 |     6 |     7 ||    19
       Pizza             |       |       |     1 ||     1
       Beef jerky        |       |       |     1 ||     1
       Meat ration       |       |       |     1 ||     1
       Fruit             |       |       |     3 ||     3
Armor: Robe              |    34 |    25 |    70 ||   129
Dodge: Dodged            |    92 |    90 |   194 ||   376
Block: Other             |    13 |    10 |       ||    23
       Reflection        |       |     1 |       ||     1
